 Dungeon Crawl Stone Soup version 0.20.0-10-g0535bb4 (webtiles) character file.

1657 miragecloak the Martial Artist (level 9, 0/53 HPs)
             Began as an Octopode Transmuter on June 6, 2017.
             Slain by a bullfrog (8 damage)
             ... on level 6 of the Dungeon.
             The game lasted 00:11:59 (6829 turns).

miragecloak the Martial Artist (OpTm)               Turns: 6829, Time: 00:11:59

Health: 0/53       AC:  1    Str:  9    XL:     9   Next: 0%
Magic:  12/12      EV: 13    Int: 16    God:
Gold:   217        SH:  0    Dex: 15    Spells: 5/12 levels left

rFire    . . .     SeeInvis .     - Unarmed
rCold    . . .     Gourm    .   (no shield)
rNeg     . . .     Faith    .   (helmet restricted)
rPois    .         Spirit   .   (no amulet)
rElec    .         Reflect  .   (no ring)
rCorr    .         Harm     .   (no ring)
MR       .....                  (no ring)
Stlth    ++........             (no ring)
Regen    0.0/turn               (no ring)
MPRegen  0.2/turn               (no ring)
                                (no ring)
                                (no ring)

@: no status effects
A: almost no armour, stealthy swim, amphibious, 8 rings, constrict 8, tentacle
spike 1, camouflage 1, inhibited regeneration, gelatinous body 1
a: no special abilities


You were on level 6 of the Dungeon.
You were not hungry.

You visited 1 branch of the dungeon, and saw 6 of its levels.

You collected 217 gold pieces.

Inventory:

Missiles
 a - 78 arrows
Jewellery
 r - a +2 amulet of reflection {unknown}
 s - an uncursed ring of fire {unknown}
Wands
 l - a wand of random effects (26/48)
 n - a wand of lightning (1/15)
Scrolls
 e - 2 scrolls of magic mapping
 i - 2 scrolls of blinking
 m - 2 scrolls of amnesia
 o - a scroll of immolation {unknown}
 q - 3 scrolls of teleportation
 w - a scroll of fear
Potions
 d - a potion of invisibility
 g - 3 potions of heal wounds
 j - 4 potions of curing
Books
 b - a book of Changes

   Spells                             Type                      Level
   a - Beastly Appendage              Transmutation                1
   b - Sticks to Snakes               Transmutation                2
   c - Spider Form                    Transmutation/Poison         3
   d - Ice Form                       Ice/Transmutation            4
   e - Blade Hands                    Transmutation                5
Comestibles
 c - 4 bread rations
 f - 3 meat rations
 h - 3 chunks of flesh
 k - 4 fruits
 p - a royal jelly


   Skills:
 - Level 1.0 Fighting
 - Level 2.0 Dodging
 - Level 9.1 Unarmed Combat
 - Level 2.0 Spellcasting
 + Level 5.7 Transmutations
 - Level 3.1 Ice Magic
 - Level 3.1 Poison Magic


You had 5 spell levels left.
You knew the following spells:

 Your Spells              Type           Power        Failure   Level  Hunger
a - Ice Form              Ice/Tmut       ###.....     32%         4    #####..
b - Spider Form           Tmut/Pois      ###.......   10%         3    ###....


Dungeon Overview and Level Annotations

Branches:
Dungeon (6/15)
 Temple: D:4-7

Altars:
Fedhas
Hepliaklqana
Kikubaaqudgha
Nemelex Xobeh

Shops:
D:4 =


Innate Abilities, Weirdness & Mutations

You cannot wear most types of armour.
You are very stealthy in the water. (Stealth+)
You are amphibious.
You can wear up to eight rings at the same time.
You can use your tentacles to constrict eight enemies at once.
Your skin changes colour to match your surroundings (Stealth+).
Your rubbery body absorbs attacks. (AC +1, EV +1)
One of your tentacles bears a spike.
You do not regenerate when monsters are visible.


Message History

The sky beast is lightly wounded.
The sky beast hits you. The sky beast shocks you.
You bite the sky beast!
The sky beast is heavily wounded.
The sky beast hits you.
* * * LOW HITPOINT WARNING * * *
The sky beast shocks you.
* * * LOW HITPOINT WARNING * * *
The phantom blinks!
The phantom blinks!
The sky beast flickers out of sight!
Deactivating autopickup; reactivate with Ctrl-A.
Found 15 gold pieces.
A bullfrog comes into view.
Your transformation has ended.
The bullfrog croaks.
A sky beast appears from thin air!
Reactivating autopickup.
The bullfrog hits you!
You die...

#......!.<#......#
#........!#......#
#.........#......##########.
#........)#....(.............##
##.......##......###..### ...
#.........#........)....# #..
#.........#......####...#####.#
#.............#### ##.....#..#
#.........#.[.@### ###..)..#.
#.........##..F.Y#########.....
##.......###.#...........#.....
##)....## #.##...ยง......#...##
###### #.####.)..........## ..#
#..>..........# ###
#..............
#................
#..........##....


You could see a sky beast and a bullfrog.

Vanquished Creatures
  Grinder (D:6)
  Eustachio (D:6)
  Edmund (D:6)
  An orc warrior (D:5)
  A phantom (D:4)
  A sky beast (D:6)
  2 ogres
  A centaur (D:4)
  A scorpion (D:4)
  A howler monkey (D:5)
  2 crimson imps (D:5)
  A jelly (D:5)
  A bullfrog zombie (D:6)
  A hound (D:5)
  A bullfrog skeleton (D:5)
  3 iguanas
  Terence (D:2)
  5 worker ants
  4 adders
  An adder skeleton (D:5)
  A worm (D:2)
  6 dart slugs
  8 leopard geckos
  10 orcs
  5 bats
  5 giant cockroaches
  8 hobgoblins
  14 jackals
  2 quokkas
  2 ball pythons
  6 frilled lizards
  A giant cockroach zombie (D:4)
  8 goblins
  A jackal skeleton (D:4)
  9 kobolds
  A leopard gecko skeleton (D:2)
  A quokka skeleton (D:5)
  10 rats
129 creatures vanquished.

Notes
Turn   | Place    | Note
-------+----------+-------------------------------------------
     0 | D:1      | miragecloak the Octopode Transmuter began the quest for the Orb.
     0 | D:1      | Reached XP level 1. HP: 13/13 MP: 3/3
    73 | D:1      | Reached XP level 2. HP: 15/18 MP: 3/5
   508 | D:1      | Reached XP level 3. HP: 17/23 MP: 4/6
   520 | D:1      | Learned a level 3 spell: Spider Form
   876 | D:1      | Reached skill level 1 in Poison Magic
  1322 | D:2      | Reached XP level 4. HP: 9/28 MP: 3/7
  1854 | D:2      | Found an ancient bone altar of Kikubaaqudgha.
  1950 | D:2      | Noticed Terence
  1969 | D:2      | Killed Terence
  2247 | D:2      | Reached XP level 5. HP: 31/33 MP: 4/8
  3368 | D:3      | Found a sparkling altar of Nemelex Xobeh.
  3652 | D:4      | Found a blossoming altar of Fedhas.
  3657 | D:4      | Noticed a centaur
  3665 | D:4      | Killed a centaur
  3665 | D:4      | Reached skill level 4 in Unarmed Combat
  3665 | D:4      | Reached XP level 6. HP: 23/38 MP: 2/9
  3753 | D:4      | Found Efuarghi's Jewellery Emporium.
  3839 | D:4      | Noticed a phantom
  3872 | D:4      | Killed a phantom
  3872 | D:4      | Reached skill level 5 in Unarmed Combat
  4326 | D:4      | Reached skill level 6 in Unarmed Combat
  4326 | D:4      | Reached XP level 7. HP: 19/43 MP: 1/10
  4867 | D:4      | Found a hazy altar of Hepliaklqana.
  5289 | D:5      | Entered Level 5 of the Dungeon
  5556 | D:5      | Reached skill level 7 in Unarmed Combat
  5593 | D:5      | Noticed a troll
  5709 | D:6      | Noticed Grinder
  6004 | D:5      | Reached skill level 8 in Unarmed Combat
  6004 | D:5      | Reached XP level 8. HP: 48/48 MP: 8/11
  6012 | D:6      | Noticed Eustachio
  6025 | D:6      | Killed Eustachio
  6245 | D:5      | Learned a level 4 spell: Ice Form
  6437 | D:6      | Paralysed by Grinder for 5 turns
  6448 | D:6      | Paralysed by Grinder for 6 turns
  6458 | D:6      | Paralysed by Grinder for 4 turns
  6482 | D:6      | Paralysed by Grinder for 6 turns
  6500 | D:6      | Killed Grinder
  6500 | D:6      | Reached skill level 9 in Unarmed Combat
  6676 | D:6      | Noticed Edmund
  6699 | D:6      | Killed Edmund
  6768 | D:6      | Reached skill level 5 in Transmutations
  6777 | D:6      | Reached XP level 9. HP: 31/53 MP: 9/12
  6786 | D:6      | Gained mutation: One of your tentacles bears a spike. [mutagenic meat]
  6787 | D:6      | Gained mutation: You do not regenerate when monsters are visible. [mutagenic meat]
  6829 | D:6      | Slain by a bullfrog

Skill      XL: |  1  2  3  4  5  6  7  8 |
---------------+-------------------------+-----
Transmutations | 3 4 5 |  5.7
Poison Magic   | 2 3 |  3.1
Unarmed Combat | 4 6 8 9 |  9.1
Ice Magic      | 3 |  3.1
Fighting       | |  1.0
Dodging        | |  2.0
Spellcasting   | |  2.0

Action                   |  1- 3 |  4- 6 |  7- 9 || total
-------------------------+-------+-------+-------++-------
Melee: Unarmed           |   100 |   148 |   139 ||   387
       Constrict         |    25 |     6 |     2 ||    33
       Kick              |    23 |     1 |       ||    24
       Tentacles         |    11 |     6 |     1 ||    18
       Punch             |     2 |     1 |     2 ||     5
       Short sword       |       |    12 |    14 ||    26
 Cast: Beastly Appendage |    20 |     1 |       ||    21
       Spider Form       |     1 |    39 |    35 ||    75
  Use: Scroll            |       |       |    15 ||    15
       Potion            |       |       |     3 ||     3
 Stab: Sleeping          |     4 |     7 |     1 ||    12
  Eat: Chunk             |     2 |    10 |    12 ||    24
       Bread ration      |       |     1 |       ||     1
       Meat ration       |       |       |     1 ||     1
Armor: Skin              |     5 |    10 |    15 ||    30
Dodge: Dodged            |    61 |   134 |    93 ||   288
